Description

This is a build to train ur Drone/Hatchery count. This is a really blank/raw version of the build, add tech like Roach/Bane/Muta etc. as you need it. For example: add a Roach Warren with your third against Hellbats/Hellion.

Build Order

Get SALT Encoding   

  16  0:51  Hatchery  
  17  0:58  Extractor  
  16  1:16  Spawning Pool  Lingspeed when @ 100 gas
  19  2:03  Queen x2  +4 Lings, +1 Q when Q spawns
  19  2:39  Pneumatized Carapace  @ 100 gas
  30  3:30  Hatchery  
  31  3:50  Lair  +Roach.W.
  35  4:20  Extractor  
  44  4:50  Evolution Chamber x2  
  44  5:00  Drone  
  47  6:10  Extractor x2  
  60  6:30  Hatchery x2  
  66  7:30  Hive  
Spawning Tool Build Advisor. Get it on Overwolf

Go to:

Details

  • Created by: Uki
  • Published on: Dec 08, 2016
  • Modified on: Dec 10, 2016
  • Patch: Pre-3.8.0
Show
View Real Time Build Order
Export as new Build Order

Comments (0)

There are no comments. Be the first!

Create an account to comment!